 Dungeon Crawl Stone Soup version 0.27-a0-1579-g97d2440184 (webtiles) character file.

Game seed: 7501835364356274880

69 gimp the Skirmisher (level 4, 0/34 (35) HPs)
             Began as a Formicid Wanderer on July 17, 2021.
             Slain by a wight (3 damage)
             ... on level 3 of the Dungeon.
             The game lasted 00:03:50 (2461 turns).

gimp the Skirmisher (Formicid Wanderer)             Turns: 2461, Time: 00:03:50

HP:   0/34 (35)     AC:  5    Str: 18    XL:     4   Next: 42%
MP:   6/6           EV: 10    Int: 11    God:
Gold: 103           SH:  0    Dex: 10    Spells: 5/5 levels left

rFire    . . .     SeeInvis +   a - +2 shortbow
rCold    . . .     Faith    .   (no shield)
rNeg     . . .     Spirit   .   g - +0 ring mail
rPois    .         Reflect  .   (helmet unavailable)
rElec    .         Harm     .   (no cloak)
rCorr    .         Rampage  .   (no gloves)
Will     .....                  (no boots)
Stlth    ..........             (no amulet)
HPRegen  0.11/turn              (no ring)
MPRegen  0.10/turn              (no ring)

@: lightly drained
A: permanent stasis, dig shafts and tunnels, antennae 3, four strong arms
a: Dig, Shaft Self


You were on level 3 of the Dungeon.
You visited 1 branch of the dungeon, and saw 3 of its levels.

You collected 103 gold pieces.

Inventory:

Hand Weapons
 a - a +2 shortbow (weapon)
 b - a +0 spear
Missiles
 f - 43 arrows (quivered ammo)
Armour
 d - a +0 robe
 e - a +0 leather armour
 g - a +0 ring mail (worn)
Wands
 i - a wand of flame (12)
Scrolls
 k - a scroll of noise {unknown}
 l - a scroll of teleportation {unknown}
Potions
 c - 3 potions of curing
 h - 3 potions of mutation {unknown}
 j - a potion of might {unknown}


   Skills:
 + Level 3.1 Fighting
 + Level 3.0 Bows
 - Level 2.1 Throwing
 + Level 1.7 Armour
 - Level 1.3 Spellcasting
 - Level 2.6 Earth Magic


You had 5 spell levels left.
You didn't know any spells.
Your spell library contained the following spells:

 Spells                   Type           Power      Damage    Failure   Level
 Ensorcelled Hibernation  Hex/Ice        0%         N/A       63%         2
 Spider Form              Tmut/Pois      0%         N/A       85%         3
 Shadow Creatures         Summ           N/A        N/A       100%        6


Dungeon Overview and Level Annotations

Branches:
Dungeon (3/15)

Altars:

Shops:
D:3 =


Innate Abilities, Weirdness & Mutations

You cannot be hasted, slowed, berserked, paralysed or teleported.
You can dig through walls and to a lower floor.
You have a pair of large antennae on your head. (SInv)
Your four strong arms can wield two-handed weapons with a shield.


Message History

The quokka bites you but does no damage.
You barely miss the quokka.
The quokka is moderately wounded.
The quokka bites you but does no damage.
You hit the quokka.
You kill the quokka!
No target in view!
Found 14 gold pieces.
Found a scroll labelled JAMMOE MIOTZ.
There is an entrance to Itif's Jewellery Shoppe here.
Unknown command.
You now have 103 gold pieces (gained 14).
Found an escape hatch in the ceiling.
l - a scroll labelled JAMMOE MIOTZ
There is an escape hatch in the ceiling here.
Found a lumpy yellow potion.
You sense a monster nearby.
h - 3 lumpy yellow potions (gained 1)
A wight comes into view.
It is wielding a +3 dire flail of freezing.
The wight moves out of view.
The wight closely misses you.
You hit the wight.
The wight is lightly damaged.
The wight hits you with a +3 dire flail of freezing!
The wight freezes you.
You take 12 damage, and have 23/35 hp.
MASSIVE DAMAGE!!
a - a +2 shortbow (weapon)
The wight hits you with a +3 dire flail of freezing!
The wight freezes you.
* * * LOW HITPOINT WARNING * * *
You take 13 damage, and have 10/35 hp.
MASSIVE DAMAGE!!
Fire: 44 arrows
Press: ? - help, Q - select action, (/) - cycle Shift-Dir - straight line, f - wight
Aim: a wight, wielding a +3 dire flail of freezing and wearing a +0 robe (lightly damaged, 60% to hit)
You shoot an arrow. The arrow hits the wight.
The wight is moderately damaged.
The wight hits you with a +3 dire flail of freezing!
* * * LOW HITPOINT WARNING * * *
You feel drained.
You die...

.#...#..#....#####...
....................<
########.############
♣♣♣.♣ ♣♣...♣ ♣♣..♣♣♣
♣..♣♣ ♣♣.♣ ♣♣@♣♣ ♣z♣♣
♣..♣ ..♣♣ .♣♣♣ ♣♣


You could see a wight.

Vanquished Creatures
  A gnoll (D:1)
  An adder (D:2)
  A dart slug (D:1)
  2 bats (D:1)
  3 endoplasms
  4 giant cockroaches
  5 goblins
  4 hobgoblins
  9 jackals
  2 kobolds (D:1)
  A quokka (D:3)
  3 ball pythons (D:1)
  3 frilled lizards
  A rat (D:3)
40 creatures vanquished.

Notes
Turn   | Place    | Note
-------+----------+-------------------------------------------
     0 | D:1      | gimp the Formicid Wanderer began the quest for the Orb.
     0 | D:1      | gimp set off with the following items: a +2 shortbow, 27
                  | arrows, a potion of curing, a +0 robe
     0 | D:1      | Reached XP level 1. HP: 16/16 MP: 2/2
    67 | D:1      | Reached XP level 2. HP: 14/23 MP: 3/3
   388 | D:1      | Reached XP level 3. HP: 9/28 MP: 5/5
   700 | D:1      | Reached skill level 1 in Armour
  1130 | D:1      | Found a faded altar of an unknown god.
  1897 | D:2      | Reached XP level 4. HP: 21/35 MP: 6/6
  2409 | D:3      | Found Itif's Jewellery Shoppe.
  2461 | D:3      | Slain by a wight

Illustrated notes

Levels and vault maps discovered:
D:1:      lightli_arrival_farm, layout_loops_cross,
          shapermc_ecumenical_altar_notcrosses, hangedman_decor_points,
          chequers_serial_rivers_small_b
D:2:      layout_rooms
D:3:      kb_forest_paths, layout_basic, serial_shops, nicolae_shop_stone,
          minmay_misc_feat_rows

Skill      XL: |  1  2  3  4 |
---------------+-------------+-----
Armour         | 1 |  1.7
Fighting       | 3 |  3.1
Bows           | 3 |  3.0
Throwing       | |  2.1
Spellcasting   | |  1.3
Earth Magic    | |  2.6

Action                   |  1- 3 |  4- 6 || total
-------------------------+-------+-------++-------
Melee: Spear             |   106 |    44 ||   150
 Fire: Shortbow          |    33 |     1 ||    34
 Abil: Dig               |     2 |     1 ||     3
Armor: Leather armour    |    22 |       ||    22
       Ring mail         |    13 |    21 ||    34
Dodge: Dodged            |    75 |    24 ||    99

Table legend: (Time is in decaauts)
 A = Elapsed time spent in this place.
 B = Non-inter-level travel time spent in this place.
 C = Inter-level travel time spent in this place.
 D = Time resting spent in this place.
 E = Time spent auto-exploring this place.
 F = Levels seen in this place.
 G = Mean time per level.
                   A        B        C        D        E       F      G
               +--------+--------+--------+--------+--------+-----+--------+
         Total |   2501 |   2443 |     58 |    235 |   1792 |   3 |  833.7 |
       Dungeon |   2501 |   2443 |     58 |    235 |   1792 |   3 |  833.7 |
               +--------+--------+--------+--------+--------+-----+--------+

Top non-repeatable levels by time:
     D:1: 1663 daAuts
     D:2: 784 daAuts
     D:3: 52 daAuts
